 Dungeon Crawl Stone Soup version 0.22.1-1-ga44c0e5 (webtiles) character file.

72 MalarOregon the Slasher (level 4, -7/37 HPs)
             Began as a Minotaur Wanderer on Sept 27, 2018.
             Was an Initiate of Uskayaw.
             Killed by divine providence
             ... invoked by an orc priest
              (12 damage)
             ... on level 2 of the Dungeon.
             The game lasted 00:09:32 (3204 turns).

MalarOregon the Slasher (Minotaur Wanderer)         Turns: 3204, Time: 00:09:32

Health: -7/37      AC:  2    Str: 15    XL:     4   Next: 7%
Magic:  3/3        EV:  8    Int: 13    God:    Uskayaw [......]
Gold:   85         SH:  8    Dex:  8    Spells: 3/4 levels left

rFire    . . .     SeeInvis .   c - +0 falchion
rCold    . . .     Gourm    .   a - +0 shield
rNeg     . . .     Faith    .   d - +0 robe
rPois    .         Spirit   .   (helmet restricted)
rElec    .         Reflect  .   (no cloak)
rCorr    .         Harm     .   (no gloves)
MR       .....                  (no boots)
Stlth    +.........             (no amulet)
HPRegen  0.12/turn              (no ring)
MPRegen  0.08/turn              (no ring)

@: no status effects
A: retaliatory headbutt, horns 2
a: Renounce Religion


You were on level 2 of the Dungeon.
You worshipped Uskayaw.
Uskayaw was noncommittal.
You were not hungry.

You visited 1 branch of the dungeon, and saw 3 of its levels.

You collected 85 gold pieces.

Inventory:

Hand Weapons
 c - a +0 falchion (weapon)
Armour
 a - a +0 shield (worn)
 d - a +0 robe (worn)
Jewellery
 j - a cursed amulet of inaccuracy {unknown}
   (You found it on level 1 of the Dungeon)
Scrolls
 g - 4 scrolls of identify {unknown}
 k - a scroll of teleportation {unknown}
 o - a scroll of magic mapping {unknown}
 q - a scroll of fear {unknown}
Potions
 b - a potion of mutation {unknown}
 f - a potion of curing {@q1}
 h - a potion of ambrosia {unknown}
 i - a potion of might
 l - a potion of heal wounds {unknown}
 n - a potion of degeneration {unknown}
 p - a potion of agility {unknown}
 r - a potion of lignification {unknown}
Comestibles
 e - 5 rations {!d}
 m - 3 chunks of flesh


   Skills:
 * Level 2.7 Fighting
 * Level 2.7 Long Blades
 - Level 1.0 Stealth
 * Level 2.5 Shields
 + Level 0.6 Spellcasting
   Level 1.3 Ice Magic
   Level 2.1 Poison Magic
   Level 1.0 Evocations


You had 3 spell levels left.
You knew the following spells:

 Your Spells              Type           Power        Failure   Level  Hunger
a - Shock                 Conj/Air       #...         83%         1    ##.....

Your spell library contained the following spells:

 Spells                   Type           Power        Failure   Level  Hunger
 Static Discharge         Conj/Air       #.......     99%         3    ####...


Dungeon Overview and Level Annotations

Branches:
Dungeon (3/15)

Altars:
Uskayaw

Annotations:
D:2 Sigmund


Innate Abilities, Weirdness & Mutations

You reflexively headbutt those who attack you in melee.
You have a pair of horns on your head.


Message History

You eat one of the 4 chunks of flesh.
An orc priest comes into view. It is wielding a flail.
Unknown command.
The orc priest shouts!
You hear a shout!
You climb upwards.
Level annotation: Sigmund The gnoll misses you.
There is a stone staircase leading down here.
You are feeling hungry.
You hit the gnoll. The gnoll hits you with a flail.
You closely miss the gnoll. You headbutt the gnoll.
You kill the gnoll!
You have reached level 4!
You feel stronger.
Things that are here:
a flail; a gnoll corpse You butcher the gnoll corpse.
m - 6 chunks of flesh (gained 3)
Things that are here:
a flail; a gnoll skeleton Eating one of 6 chunks of flesh.
You eat one of the 6 chunks of flesh.
There is a hide-covered altar of Uskayaw here.
You kneel at the altar of Uskayaw.
Uskayaw welcomes you!
There is a stone staircase leading down here.
You start resting.
Some of the chunks of flesh in your inventory have rotted away.
You climb downwards.
An orc wizard comes into view. It is wielding a dagger.
The orc priest mumbles some strange prayers to Beogh against you.
Beogh smites you!
There is a stone staircase leading up, spattered with blood here.
The orc wizard gestures wildly while chanting.
The orc wizard flickers and vanishes!
Deactivating autopickup; reactivate with Ctrl-A.
The orc priest barely misses you.
You climb upwards.
Level annotation: Sigmund
There is a stone staircase leading down here.
Unknown command.
You closely miss the orc priest. You headbutt the orc priest.
The orc priest hits you with a flail.
You hit the orc priest. The orc priest hits you with a flail.
You hit the orc priest but do no damage.
The orc priest calls down the wrath of Beogh upon you.
Beogh smites you!
* * * LOW HITPOINT WARNING * * *
The orc priest mumbles some strange prayers to Beogh against you.
Beogh smites you!
You die...

#####.###.#####.#.#..######
#....## ##...##.#....#
#.###.###.##.##.####.# #.#
##.#.###)##.# #.#
####.#####.## #.##.# #.#
...........# ##.##.# #.#
##...#########...#.## #.#
#...# #......o....#
#.########
#...####.####..@#.##
#........#
#..............####
#..#####.# #..#####.#######
#..# #.# #..# #.# #..# #.#
##.)#####.# ##.# #.#
..........# #.#####.#
###.####### #.......# #.#
####.#### #.# #..#


You could see an orc priest.

Vanquished Creatures
  A gnoll (D:2)
  An adder (D:2)
  3 dart slugs
  2 leopard geckos (D:1)
  2 orcs
  3 giant cockroaches
  5 goblins
  7 hobgoblins
  3 jackals (D:3)
  4 kobolds (D:2)
  A ball python (D:3)
  4 bats
  2 frilled lizards
  3 rats (D:1)
41 creatures vanquished.

Notes
Turn   | Place    | Note
-------+----------+-------------------------------------------
     0 | D:1      | MalarOregon the Minotaur Wanderer began the quest for the
                  | Orb.
     0 | D:1      | MalarOregon set off with: a +0 shield, a +0 falchion, a +0
                  | robe, a ration {!d}
     0 | D:1      | Reached XP level 1. HP: 16/16 MP: 0/0
   158 | D:1      | Reached XP level 2. HP: 12/24 MP: 1/1
  1199 | D:2      | Reached XP level 3. HP: 29/29 MP: 2/2
  1219 | D:2      | Found a hide-covered altar of Uskayaw.
  1633 | D:2      | Noticed Sigmund
  2276 | D:2      | Learned a level 1 spell: Shock
  3072 | D:2      | Reached XP level 4. HP: 22/37 MP: 3/3
  3093 | D:2      | Became a worshipper of Uskayaw the Reveler
  3204 | D:2      | Killed from afar by an orc priest

Skill      XL: |  1  2 |
---------------+-------+-----
Fighting       | 2 |  2.7
Long Blades    | 2 |  2.7
Shields        | 2 |  2.5
Stealth        | |  1.0
Spellcasting   | |  0.6
Ice Magic      | |  1.3
Poison Magic   | |  2.1
Evocations     | |  1.0

Action                   |  1- 3 |  4- 6 || total
-------------------------+-------+-------++-------
Melee: Falchion          |   118 |     3 ||   121
       Headbutt          |    18 |     1 ||    19
  Use: Potion            |     4 |       ||     4
       Scroll            |     1 |       ||     1
 Stab: Sleeping          |     3 |       ||     3
  Eat: Chunk             |     6 |     1 ||     7
Armor: Robe              |    18 |       ||    18
Dodge: Dodged            |    44 |     1 ||    45
Block: Shield            |    48 |       ||    48
       Rpst.: Falchion   |    16 |       ||    16
